 Dungeon Crawl Stone Soup version 0.27-a0-1188-g73eefd5def (webtiles) character file.

Game seed: 16298039478555883943

406 HoaS the Magician (level 7, -1/45 HPs)
             Began as a Djinni Ice Elementalist on May 21, 2021.
             Slain by a howler monkey zombie (4 damage)
             ... on level 5 of the Dungeon.
             The game lasted 00:14:45 (4966 turns).

HoaS the Magician (Djinni Ice Elementalist)         Turns: 4966, Time: 00:14:45

Health: -1/45      AC:  3    Str:  7    XL:     7   Next: 12%
Gold:   562        EV: 14    Int: 18    God:
                   SH:  5    Dex: 14

rFire    + + .     SeeInvis .   d - +1 dagger
rCold    x . .     Faith    .   (no shield)
rNeg     . . .     Spirit   .   a - +1 robe
rPois    ∞         Reflect  +   (no helmet)
rElec    .         Harm     .   (no cloak)
rCorr    .         Rampage  .   (no gloves)
Will     .....                  (boots unavailable)
Stlth    ++........             b - amulet of reflection
HPRegen  0.15/turn              (no ring)
MPRegen  0.00/turn              (no ring)

@: flying
A: sickness immunity, fire resistance 2, cold vulnerability 1, float, innate
caster, hp casting, extra vitality 1
a: no special abilities


You were on level 5 of the Dungeon.
You visited 1 branch of the dungeon, and saw 5 of its levels.

You collected 627 gold pieces.
You spent 65 gold pieces at shops.

Inventory:

Hand Weapons
 d - a +1 dagger (weapon)
Armour
 a - a +1 robe (worn)
Jewellery
 b - an amulet of reflection (around neck)
Potions
 e - a potion of resistance {unknown}
 g - a potion of berserk rage {unknown}


   Skills:
 + Level 4.7 Dodging
 - Level 1.5 Stealth
 * Level 5.4 Spellcasting


You couldn't memorise any spells.
You knew the following spells:

 Your Spells              Type           Power      Damage    Failure   Level
a - Freeze                Ice            96%        1d11      1%          1
b - Frozen Ramparts       Ice            48%        1d6       4%          3
c - Ozocubu's Armour      Ice            24%        N/A       4%          3
d - Hailstorm             Conj/Ice       24%        3d7       14%         4
e - Metabolic Englaciati  Hex/Ice        12%        N/A       36%         5
f - Pain                  Necr           96%        1d8       1%          1
g - Blink                 Tloc           N/A        N/A       1%          2
h - Portal Projectile     Hex/Tloc       48%        N/A       4%          3
Your spell library was empty.

Dungeon Overview and Level Annotations

Branches:
Dungeon (5/15)
 Temple: D:4-7

Altars:
Elyvilon
Ru
Sif Muna

Shops:
D:2 !

Annotations:
D:5 Dowan


Innate Abilities, Weirdness & Mutations

You are immune to sickness and miasma.
You are immune to poison.
Your flesh is very heat resistant. (rF++)
You are vulnerable to cold. (rC-)
You float through the air rather than walking.
You learn spells naturally, not from books.
Your magical power is your life essence.
You have superior vitality. (+4 HP)


Message History

* * * LOW HITPOINT WARNING * * *
Dowan casts a spell.
Dowan blinks!
You block the iguana's attack.
Casting: Freeze (safe; 1% risk of failure)
Confirm with . or Enter, or press ? or * to list all spells.
Aiming: Freeze (safe; 1% risk of failure)
Press: ? - help, Shift-Dir - straight line, f/p - iguana
Aim: an iguana (severely wounded, slow)
You freeze the iguana!
You kill the iguana!
* * * LOW HITPOINT WARNING * * *
Duvessa closely misses you.
Casting: Freeze (safe; 1% risk of failure)
Confirm with . or Enter, or press ? or * to list all spells.
Aiming: Freeze (safe; 1% risk of failure)
Press: ? - help, Shift-Dir - straight line, f - Duvessa
Aim: Duvessa, wielding a +0 rapier and wearing a +0 leather armour (almost dead, fast)
You freeze Duvessa.
You kill Duvessa!
You hear a distant wail of despair.
* * * LOW HITPOINT WARNING * * *
You have reached level 7!
The power to cast Portal Projectile wells up from within.
Spell assigned to 'h'.
Unknown command.
You barely miss the howler monkey zombie.
The howler monkey zombie is moderately damaged.
Dowan seems to find hidden reserves of power!
The howler monkey zombie barely misses you.
You hit the howler monkey zombie.
The howler monkey zombie is moderately damaged.
The howler monkey zombie hits you.
* * * LOW HITPOINT WARNING * * *
You hit the howler monkey zombie.
The howler monkey zombie is moderately damaged.
The howler monkey zombie barely misses you.
You hit the howler monkey zombie.
The howler monkey zombie is heavily damaged.
The howler monkey zombie hits you.
You die...

#....... .......
#..... # #....
#. #... # .
###..##..#.#....
........e.......
....##Z####....
# #@# . #.# ...
##.## #.# ..#
..# ..#


You could see Dowan (fast) and a howler monkey zombie.

Vanquished Creatures
  Duvessa (D:5)
  A water moccasin skeleton (D:4)
  An orc wizard (D:4)
  An iguana (D:5)
  6 gnolls
  7 adders
  A worm (D:3)
  A dart slug (D:3)
  4 orcs (D:4)
  4 ball pythons
  4 bats
  6 endoplasms
  4 giant cockroaches
  10 hobgoblins
  8 jackals
  2 kobolds (D:3)
  5 quokkas
  5 goblins
  6 rats
77 creatures vanquished.

Vanquished Creatures (others)
  3 plants (D:3)
3 creatures vanquished.

Grand Total: 80 creatures vanquished

Notes
Turn   | Place    | Note
-------+----------+-------------------------------------------
     0 | D:1      | HoaS the Djinni Ice Elementalist began the quest for the
                  | Orb.
     0 | D:1      | Reached XP level 1. HP: 15/15 MP: 0/0
   148 | D:1      | Reached XP level 2. HP: 14/21 MP: 0/0
  1154 | D:2      | Found a faded altar of an unknown god.
  1163 | D:2      | Reached XP level 3. HP: 20/25 MP: 0/0
  1163 | D:2      | Learned a level 1 spell: Pain
  1482 | D:2      | Found Amnyc's Distillery.
  1508 | D:2      | Bought a potion of heal wounds for 65 gold pieces
  1531 | D:2      | Reached XP level 4. HP: 14/31 MP: 0/0
  1568 | D:2      | Reached skill level 4 in Spellcasting
  2373 | D:3      | Found a sacrificial altar of Ru.
  2488 | D:3      | Identified a scroll of acquirement
  2488 | D:3      | Acquired 450 gold pieces
  2763 | D:3      | Reached XP level 5. HP: 22/35 MP: 0/0
  2763 | D:3      | Learned a level 2 spell: Blink
  3425 | D:3      | Found a white marble altar of Elyvilon.
  3785 | D:4      | HP: 1/35 [water moccasin skeleton (6)]
  4099 | D:4      | Reached XP level 6. HP: 34/40 MP: 0/0
  4740 | D:4      | Reached skill level 5 in Spellcasting
  4848 | D:4      | Noticed a necrophage
  4945 | D:5      | Entered Level 5 of the Dungeon
  4945 | D:5      | Noticed Duvessa
  4945 | D:5      | Noticed Dowan
  4962 | D:5      | Killed Duvessa
  4963 | D:5      | Reached XP level 7. HP: 6/45 MP: 0/0
  4963 | D:5      | Learned a level 3 spell: Portal Projectile
  4966 | D:5      | Slain by a howler monkey zombie

Illustrated notes

Levels and vault maps discovered:
D:1:      eino_arrival_water_star, layout_basic
D:2:      layout_basic, ebering_ecumenical_altar_mist, basic_altar,
          serial_shops, shop, minmay_tetromino_i4
D:3:      layout_basic, lemuel_tele_altar, lemuel_crystal_altar,
          serial_bayou_pond_b, hex_tiny
D:4:      layout_cave_pools
D:5:      layout_basic, overflow_temple_1_default, serial_shops,
          kennysheep_mini_moat, kennysheep_little_box, uniq_eustachio,
          uniq_duvessa

Skill      XL: |  1  2  3  4  5  6 |
---------------+-------------------+-----
Dodging        | 3 4 |  4.7
Spellcasting   | 4 5 |  5.4
Stealth        | |  1.5

Action                   |  1- 3 |  4- 6 |  7- 9 || total
-------------------------+-------+-------+-------++-------
Melee: Unarmed           |     1 |       |       ||     1
       Dagger            |    24 |    49 |     4 ||    77
       Mace              |     2 |       |       ||     2
 Cast: Freeze            |    33 |    61 |       ||    94
       Pain              |       |    53 |       ||    53
  Use: Scroll            |       |     9 |       ||     9
       Potion            |       |     2 |       ||     2
 Stab: Sleeping          |     1 |     2 |       ||     3
Armor: Robe              |    19 |    15 |       ||    34
Dodge: Dodged            |    46 |    60 |     2 ||   108
Block: Other             |       |     3 |       ||     3

Table legend: (Time is in decaauts)
 A = Elapsed time spent in this place.
 B = Non-inter-level travel time spent in this place.
 C = Inter-level travel time spent in this place.
 D = Time resting spent in this place.
 E = Time spent auto-exploring this place.
 F = Levels seen in this place.
 G = Mean time per level.
                   A        B        C        D        E       F      G
               +--------+--------+--------+--------+--------+-----+--------+
         Total |   4965 |   4782 |    183 |   2348 |   1855 |   5 |  993.0 |
       Dungeon |   4965 |   4782 |    183 |   2348 |   1855 |   5 |  993.0 |
               +--------+--------+--------+--------+--------+-----+--------+

Top non-repeatable levels by time:
     D:3: 1790 daAuts
     D:1: 1140 daAuts
     D:2: 1009 daAuts
     D:4: 1004 daAuts
     D:5: 20 daAuts
